3L
PANAMA CITY PIRANHAS @ HOUSTON 1837 COLT .45S
09/22/2021
 
TOP OF THE 1ST
Panama City Piranhas batting - Pitching for Houston 1837 Colt .45s : RHP Jason Hubbell
Pitching: RHP Jason Hubbell
Batting: LHB Francisco Sánchez 0-0: Ball
1-0: Called Strike
1-1: Ball
2-1: Foul Ball, location: 2F
2-2: Ball
3-2: Ground out 4-3 (Groundball, 4)
Batting: LHB Melvin Castro 0-0: Foul Ball, location: 2F
0-1: Called Strike
0-2: Foul Ball, location: 2F
0-2: DOUBLE (Line Drive, 3D)
Batting: SHB Marc Talamante 0-0: Ground out 4-3 (Groundball, 4)
Melvin Castro to third
Batting: RHB Cliff Dixon 0-0: Ball
1-0: Swinging Strike
1-1: Swinging Strike
1-2: Strikes out looking
Top of the 1st over - 0 run(s), 1 hit(s), 0 error(s), 1 left on base; Panama City 0 - Houston 1837 0
BOTTOM OF THE 1ST
Houston 1837 Colt .45s batting - Pitching for Panama City Piranhas : RHP Dave Tomlinson
Pitching: RHP Dave Tomlinson
Batting: LHB Jack Robbins 0-0: Swinging Strike
0-1: Ground out 6-3 (Groundball, 6)
Batting: LHB Luis Rodríguez 0-0: Ball
1-0: Called Strike
1-1: Foul Ball, location: 2F
1-2: Foul Ball, location: 2F
1-2: Foul Ball, location: 2F
1-2: Fly out, F4 (Line Drive, 4M)
Batting: RHB Bob Dickerson 0-0: Called Strike
0-1: Ball
1-1: Ball
2-1: DOUBLE (Line Drive, 9LM)
Batting: LHB Mark McClear 0-0: Ball
1-0: Foul Ball, location: 2F
1-1: SINGLE (Groundball, 5D)
Bob Dickerson to third
Runner from 3rd tries for Home, SAFE, no throw or cutoff
Batting: LHB Juan Rodríguez 0-0: Foul Ball, location: 2F
0-1: Ball
1-1: Fielders Choice at 2nd, U6 (Groundball, 6M)
Bottom of the 1st over - 1 run(s), 2 hit(s), 0 error(s), 1 left on base; Panama City 0 - Houston 1837 1
TOP OF THE 2ND
Panama City Piranhas batting - Pitching for Houston 1837 Colt .45s : RHP Jason Hubbell
Batting: RHB Brad Perry 0-0: Swinging Strike
0-1: Called Strike
0-2: Ball
1-2: Ball
2-2: Ball
3-2: Strikes out swinging
Batting: LHB Arturo Guzmán 0-0: Ball
1-0: Foul Ball, location: 2F
1-1: Ball
2-1: Ball
3-1: Called Strike
3-2: Strikes out swinging
Batting: RHB Fernando López 0-0: Ball
1-0: Called Strike
1-1: SOLO HOME RUN (Flyball, 8LXD), Distance : 454 ft
Batting: RHB Tim Barnes 0-0: Called Strike
0-1: Fly out, F3 (Popup, 3L)
Top of the 2nd over - 1 run(s), 1 hit(s), 0 error(s), 0 left on base; Panama City 1 - Houston 1837 1
BOTTOM OF THE 2ND
Houston 1837 Colt .45s batting - Pitching for Panama City Piranhas : RHP Dave Tomlinson
Batting: LHB Ray Merrill 0-0: Called Strike
0-1: Ball
1-1: Foul Ball, location: 2F
1-2: Fly out, F8 (Line Drive, 8RM)
Batting: RHB Steve Hinkle 0-0: Ball
1-0: Fly out, F8 (Flyball, 78XD)
Batting: LHB Brad Lawrence 0-0: Ball
1-0: Swinging Strike
1-1: Hit by Pitch
Batting: RHB Guillermo Montoya 0-0: Called Strike
0-1: Ball
1-1: DOUBLE (Line Drive, 89D)
Brad Lawrence to third
Runner from 3rd tries for Home, SAFE, no throw or cutoff
Batting: LHB Jack Robbins 0-0: Fly out, F8 (Flyball, 8RM)
Bottom of the 2nd over - 1 run(s), 1 hit(s), 0 error(s), 1 left on base; Panama City 1 - Houston 1837 2
TOP OF THE 3RD
Panama City Piranhas batting - Pitching for Houston 1837 Colt .45s : RHP Jason Hubbell
Batting: RHB Kyle Taylor 0-0: Called Strike
0-1: Ball
1-1: Ground out 6-3 (Groundball, 6)
Batting: LHB Francisco Sánchez 0-0: Ball
1-0: Ball
2-0: Called Strike
2-1: Foul Ball, location: 2F
2-2: Ball
3-2: DOUBLE (Flyball, 9LD)
Batting: LHB Melvin Castro 0-0: Ground out 1-3 (Groundball, 13S)
Francisco Sánchez to third
Batting: SHB Marc Talamante 0-0: Ball
1-0: Called Strike
1-1: Called Strike
1-2: Strikes out looking
Top of the 3rd over - 0 run(s), 1 hit(s), 0 error(s), 1 left on base; Panama City 1 - Houston 1837 2
BOTTOM OF THE 3RD
Houston 1837 Colt .45s batting - Pitching for Panama City Piranhas : RHP Dave Tomlinson
Batting: LHB Luis Rodríguez 0-0: Foul Ball, location: 2F
0-1: Ball
1-1: Ball
2-1: Called Strike
2-2: DOUBLE (Flyball, 7LS)
Batting: RHB Bob Dickerson 0-0: Called Strike
0-1: Fly out, F6 (Line Drive, 6M)
Batting: LHB Mark McClear 0-0: Ball
1-0: Foul Ball, location: 2F
1-1: SINGLE (Line Drive, 4M)
Luis Rodríguez to third
Batting: LHB Juan Rodríguez 0-0: Called Strike
0-1: Ball
1-1: Called Strike
1-2: Foul Ball, location: 2F
1-2: Ball
2-2: Ground out U3 (Groundball, 3S)
Luis Rodríguez scores
Mark McClear to second
Batting: LHB Ray Merrill 0-0: Ball
1-0: Ball
2-0: Ball
3-0: Called Strike
3-1: Foul Ball, location: 2F
3-2: Fly out, F9 (Flyball, 9LM)
Bottom of the 3rd over - 1 run(s), 2 hit(s), 0 error(s), 1 left on base; Panama City 1 - Houston 1837 3
TOP OF THE 4TH
Panama City Piranhas batting - Pitching for Houston 1837 Colt .45s : RHP Jason Hubbell
Batting: RHB Cliff Dixon 0-0: Ball
1-0: Called Strike
1-1: Ground out 5-3 (Groundball, 5L)
Batting: RHB Brad Perry 0-0: Called Strike
0-1: Ball
1-1: Ground out 6-3 (Groundball, 6)
Batting: LHB Arturo Guzmán 0-0: Called Strike
0-1: Ball
1-1: Foul Ball, location: 2F
1-2: Ball
2-2: SINGLE (Groundball, 34D) (infield hit)
Batting: RHB Fernando López 0-0: Ball
1-0: Foul Ball, location: 2F
1-1: Ball
2-1: Ball
3-1: Ground out 6-3 (Groundball, 6)
Top of the 4th over - 0 run(s), 1 hit(s), 0 error(s), 1 left on base; Panama City 1 - Houston 1837 3
BOTTOM OF THE 4TH
Houston 1837 Colt .45s batting - Pitching for Panama City Piranhas : RHP Dave Tomlinson
Batting: RHB Steve Hinkle 0-0: Called Strike
0-1: Called Strike
0-2: Ball
1-2: Fly out, F8 (Flyball, 8LM)
Batting: LHB Brad Lawrence 0-0: Bunted foul
0-1: Ball
1-1: Ball
2-1: Foul Ball, location: 2F
2-2: Foul Ball, location: 2F
2-2: Foul Ball, location: 2F
2-2: Foul Ball, location: 2F
2-2: Ball
3-2: Base on Balls
Batting: RHB Guillermo Montoya 0-0: Ball
1-0: Fielders Choice at 2nd, 5-4 (Groundball, 5)
Batting: LHB Jack Robbins 0-0: Ball
1-0: Called Strike
1-1: SINGLE (Line Drive, 6MD)
Guillermo Montoya to second
Batting: LHB Luis Rodríguez 0-0: Called Strike
0-1: Ball
1-1: Ground out U3 (Groundball, 3)
Bottom of the 4th over - 0 run(s), 1 hit(s), 0 error(s), 2 left on base; Panama City 1 - Houston 1837 3
TOP OF THE 5TH
Panama City Piranhas batting - Pitching for Houston 1837 Colt .45s : RHP Jason Hubbell
Batting: RHB Tim Barnes 0-0: Called Strike
0-1: Foul Ball, location: 2F
0-2: Ball
1-2: Ball
2-2: Ball
3-2: Fly out, F8 (Flyball, 8RM)
Batting: RHB Kyle Taylor 0-0: Ball
1-0: Ball
2-0: Reached on error, E4 (Groundball, 34)
Batting: LHB Francisco Sánchez 0-0: Called Strike
0-1: Fielders Choice at 2nd, 3-6 (Groundball, 3)
Batting: LHB Melvin Castro 0-0: Ball
1-0: Ball
2-0: Fly out, F8 (Line Drive, 8RD)
Top of the 5th over - 0 run(s), 0 hit(s), 1 error(s), 1 left on base; Panama City 1 - Houston 1837 3
BOTTOM OF THE 5TH
Houston 1837 Colt .45s batting - Pitching for Panama City Piranhas : RHP Dave Tomlinson
Batting: RHB Bob Dickerson 0-0: Called Strike
0-1: Swinging Strike
0-2: Ball
1-2: Fly out, F6 (Popup, 6M)
Batting: LHB Mark McClear 0-0: Called Strike
0-1: Ball
1-1: SINGLE (Groundball, 34D)
Batting: LHB Juan Rodríguez 0-0: Swinging Strike
0-1: Foul Ball, location: 2F
0-2: Strikes out looking
Batting: LHB Ray Merrill 0-0: Ball
1-0: Called Strike
1-1: Swinging Strike
1-2: Ball
2-2: Fly out, F7 (Flyball, 7M)
Bottom of the 5th over - 0 run(s), 1 hit(s), 0 error(s), 1 left on base; Panama City 1 - Houston 1837 3
TOP OF THE 6TH
Panama City Piranhas batting - Pitching for Houston 1837 Colt .45s : RHP Jason Hubbell
Batting: SHB Marc Talamante 0-0: Foul Ball, location: 2F
0-1: Called Strike
0-2: Ball
1-2: Fly out, F5 (Popup, 5SF)
Batting: RHB Cliff Dixon 0-0: Ball
1-0: Foul Ball, location: 2F
1-1: SINGLE (Line Drive, 89S)
Batting: RHB Brad Perry 0-0: Called Strike
0-1: SINGLE (Groundball, 6MD)
Cliff Dixon to second
Batting: LHB Arturo Guzmán 0-0: Ball
1-0: Foul Ball, location: 2F
1-1: Ball
2-1: Swinging Strike
2-2: Foul Ball, location: 2F
2-2: Ball
3-2: Base on Balls
Cliff Dixon to third
Brad Perry to second
Batting: RHB Fernando López 0-0: Called Strike
0-1: Ball
1-1: Foul Ball, location: 2F
1-2: Foul Ball, location: 2F
1-2: Foul Ball, location: 2F
1-2: Strikes out swinging
Pitching: RHP Nelle Liefting
Batting: RHB Tim Barnes 0-0: Fly out, F6 (Popup, 6MD)
Top of the 6th over - 0 run(s), 2 hit(s), 0 error(s), 3 left on base; Panama City 1 - Houston 1837 3
BOTTOM OF THE 6TH
Houston 1837 Colt .45s batting - Pitching for Panama City Piranhas : RHP Dave Tomlinson
Batting: RHB Steve Hinkle 0-0: Called Strike
0-1: Called Strike
0-2: Strikes out looking
Batting: LHB Brad Lawrence 0-0: Swinging Strike
0-1: Bunt for hit - play at first, batter safe!
Batting: RHB Guillermo Montoya 0-0: Ball
1-0: Foul Ball, location: 2F
1-1: Fly out, F8 (Flyball, 8LD)
Batting: LHB Jack Robbins 0-0: Ball
1-0: Foul Ball, location: 2F
1-1: Ball
2-1: Fly out, F6 (Popup, 6M)
Bottom of the 6th over - 0 run(s), 1 hit(s), 0 error(s), 1 left on base; Panama City 1 - Houston 1837 3
TOP OF THE 7TH
Panama City Piranhas batting - Pitching for Houston 1837 Colt .45s : RHP Nelle Liefting
Batting: RHB Kyle Taylor 0-0: Foul Ball, location: 2F
0-1: Ball
1-1: Ground out 5-3 (Groundball, 5)
Batting: LHB Francisco Sánchez 0-0: Called Strike
0-1: Ground out 4-3 (Groundball, 34)
Batting: LHB Melvin Castro 0-0: Ball
1-0: Called Strike
1-1: Ball
2-1: Ball
3-1: SINGLE (Line Drive, 34D)
Batting: SHB Marc Talamante 0-0: Swinging Strike
0-1: Swinging Strike
0-2: Ball
1-2: Ground out 1-3 (Groundball, 13)
Top of the 7th over - 0 run(s), 1 hit(s), 0 error(s), 1 left on base; Panama City 1 - Houston 1837 3
BOTTOM OF THE 7TH
Houston 1837 Colt .45s batting - Pitching for Panama City Piranhas : RHP Dave Tomlinson
Batting: LHB Luis Rodríguez 0-0: Fly out, F8 (Flyball, 8RM)
Batting: RHB Bob Dickerson 0-0: Ball
1-0: Ball
2-0: Foul Ball, location: 2F
2-1: Called Strike
2-2: Strikes out swinging
Batting: LHB Mark McClear 0-0: Called Strike
0-1: Ball
1-1: Ball
2-1: Ball
3-1: Swinging Strike
3-2: DOUBLE (Line Drive, 78D)
Batting: LHB Juan Rodríguez 0-0: Called Strike
0-1: Ball
1-1: Ball
2-1: Called Strike
2-2: DOUBLE (Line Drive, 9LM)
Mark McClear scores
Batting: LHB Ray Merrill 0-0: Fly out, F6 (Line Drive, 6M)
Bottom of the 7th over - 1 run(s), 2 hit(s), 0 error(s), 1 left on base; Panama City 1 - Houston 1837 4
TOP OF THE 8TH
Panama City Piranhas batting - Pitching for Houston 1837 Colt .45s : RHP Nelle Liefting
Batting: RHB Cliff Dixon 0-0: Ball
1-0: Ball
2-0: Ball
3-0: Base on Balls
Pitching: RHP Travis Hall
Batting: RHB Brad Perry 0-0: Called Strike
0-1: Swinging Strike
0-2: Strikes out swinging
Batting: LHB Arturo Guzmán 0-0: Called Strike
0-1: Ball
1-1: Ball
2-1: Ball
3-1: Fly out, F9 (Flyball, 89M)
Batting: RHB Fernando López 0-0: Ball
1-0: Called Strike
1-1: Swinging Strike
1-2: Foul Ball, location: 2F
1-2: Ball
2-2: Strikes out looking
Top of the 8th over - 0 run(s), 0 hit(s), 0 error(s), 1 left on base; Panama City 1 - Houston 1837 4
BOTTOM OF THE 8TH
Houston 1837 Colt .45s batting - Pitching for Panama City Piranhas : RHP Dave Tomlinson
Batting: RHB Steve Hinkle 0-0: Ball
1-0: Foul Ball, location: 2F
1-1: Swinging Strike
1-2: Ball
2-2: Strikes out swinging
Batting: LHB Brad Lawrence 0-0: Called Strike
0-1: Ball
1-1: Called Strike
1-2: Ball
2-2: Strikes out looking
Batting: RHB Guillermo Montoya 0-0: SINGLE (Flyball, 9S)
Pitching: LHP Tommy Blevins
Batting: LHB Jack Robbins 0-0: Called Strike
0-1: Ball
Guillermo Montoya steals 2nd base
1-1: Ball
2-1: Foul Ball, location: 2F
2-2: Ball
3-2: Foul Ball, location: 2F
3-2: Base on Balls
Pitching: RHP Francisco Torres
Batting: LHB Luis Rodríguez 0-0: Called Strike
0-1: Ball
1-1: Ball
2-1: Foul Ball, location: 2F
2-2: Ball
3-2: Foul Ball, location: 2F
3-2: Foul Ball, location: 2F
3-2: Foul Ball, location: 2F
3-2: Foul Ball, location: 2F
3-2: Ground out 1-3 (Groundball, 25)
Bottom of the 8th over - 0 run(s), 1 hit(s), 0 error(s), 2 left on base; Panama City 1 - Houston 1837 4
TOP OF THE 9TH
Panama City Piranhas batting - Pitching for Houston 1837 Colt .45s : RHP Travis Hall
Pitching: RHP Toshiro Saikawa
Batting: RHB Tim Barnes 0-0: Swinging Strike
0-1: Foul Ball, location: 2F
0-2: Ball
1-2: Ball
2-2: Ground out 5-3 (Groundball, 5)
Batting: RHB Kyle Taylor 0-0: Ball
1-0: Called Strike
1-1: Foul Ball, location: 2F
1-2: Strikes out swinging
Batting: LHB Francisco Sánchez 0-0: Ball
1-0: Reached on error, E4 (Groundball, 4)
Batting: LHB Melvin Castro 0-0: Fly out, F4 (Popup, 4MD)
Top of the 9th over - 0 run(s), 0 hit(s), 1 error(s), 1 left on base; Panama City 1 - Houston 1837 4
This league is powered by Out of the Park Baseball, the baseball management simulation game for PC, Mac and Linux
Friday, January 22nd, 2016 - OOTP Baseball 16.9 Build 39